 Dungeon Crawl Stone Soup version 0.30-a0-1124-g6e8f0f562f (webtiles) character file.

Game seed: 12153787601974091473

534 cheesebisquit the Trooper (level 7, -3/61 HPs)
             Began as a Green Draconian Fire Elementalist on Apr 23, 2023.
             Slain by an orc warrior
             ... wielding a +0 battleaxe
              (13 damage)
             ... on level 5 of the Dungeon.
             The game lasted 00:13:20 (4984 turns).

cheesebisquit the Trooper (DrFE)                    Turns: 4984, Time: 00:13:20

Health: -3/61      AC:  8    Str: 11    XL:     7   Next: 4%
Magic:  7/10       EV: 13    Int: 17    God:
Gold:   249        SH:  0    Dex: 11    Spells: 9/10 levels left

rFire   . . .        o - +4 long sword (holy)
rCold   . . .        (no shield)
rNeg    . . .        (body armour unavailable)
rPois   +            (helmet restricted)
rElec   .            r - scarf {harm}
rCorr   .            c - +0 pair of gloves
SInv    +            e - +0 pair of boots
Will    .....        d - amulet of regeneration
Stlth   ++           m - ring of see invisible
HPRegen 1.10/turn    (no ring)
MPRegen 0.12/turn

%: harm (+30% outgoing, +20% incoming)
@: hasted, very quick
A: breathe noxious fumes, AC +6, unfitting armour, poison resistance,
cold-blooded
a: Breathe Noxious Fumes


You were on level 5 of the Dungeon.
You visited 1 branch of the dungeon, and saw 5 of its levels.

You collected 249 gold pieces.

Inventory:

Hand Weapons
 f - a +0 spear
 o - a +4 long sword of holy wrath (weapon)
 p - a +3 short sword of holy wrath
Missiles
 u - 6 poisoned darts
Armour
 c - a +0 pair of gloves (worn)
 e - a +0 pair of boots (worn)
 r - a scarf of harm (worn)
Magical Staves
 h - a staff of air
Jewellery
 d - an amulet of regeneration (around neck)
 m - a ring of see invisible (left hand)
 t - an amulet of faith
Scrolls
 i - a scroll of poison {unknown}
 l - a scroll of fog {unknown}
 n - 3 scrolls of teleportation
 q - a scroll of noise {unknown}
 s - a scroll of magic mapping {unknown}
 w - a scroll of immolation {unknown}
 x - a scroll of brand weapon {unknown}
Potions
 a - 2 potions of magic
 b - 5 potions of brilliance
 g - a potion of mutation
 k - a potion of invisibility
 v - a potion of heal wounds {unknown}
 z - 2 potions of curing {unknown}
 A - 2 potions of attraction {unknown}


   Skills:
 + Level 5.5 Fighting
 + Level 5.1 Dodging
 - Level 1.7 Stealth
 - Level 2.0 Spellcasting
 - Level 1.0 Conjurations
 - Level 3.0 Fire Magic


You had 9 spell levels left.
You knew the following spells:

 Your Spells              Type           Power      Damage    Failure   Level
a - Foxfire               Conj/Fire      32%        2x1d5     9%          1

Your spell library contained the following spells:

 Spells                   Type           Power      Damage    Failure   Level
 Scorch                   Fire           22%        2d5       9%          2
 Magic Dart               Conj           20%        1d4       13%         1
 Searing Ray              Conj           10%        2d4       19%         2
 Inner Flame              Hex/Fire       6%         N/A       30%         3
 Volatile Blastmotes      Fire/Tloc      12%        2d11      30%         3
 Call Canine Familiar     Summ           1%         N/A       50%         3
 Portal Projectile        Hex/Tloc       2%         N/A       50%         3
 Flame Wave               Conj/Fire      8%         2d5       63%         4
 Fulminant Prism          Conj/Hex       1%         3d5       83%         4
 Leda's Liquefaction      Hex/Erth       0%         N/A       88%         4


Dungeon Overview and Level Annotations

Branches:
Dungeon (5/15)
 Temple: D:4-7

Altars:
Fedhas
Hepliaklqana
Zin

Shops:
D:4 ::[


Innate Abilities, Weirdness & Mutations

You can breathe blasts of noxious fumes.
Your lurid green scales are hard. (AC +6)
You cannot fit into any form of body armour.
Your system is resistant to poisons. (rPois)
You are cold-blooded and may be slowed by cold attacks.


Message History

The orc warrior is lightly wounded.
The foxfire hits the orc warrior but does no damage.
The orc warrior is lightly wounded.
The foxfire hits the orc warrior but does no damage.
The orc warrior is lightly wounded.
The orc hits you with a +0 hand axe. The orc hits you with a +0 flail.
The orc warrior hits you but does no damage.
The orc warrior hits you with a +0 battleaxe!
The orc barely misses you. The orc misses you.
You are too injured to fight recklessly!
You are too injured to fight recklessly!
Casting: Foxfire (safe; 9% risk of failure)
Press: ? - help, Q - select action, (/) - cycle Dir - look around, f - activate You conjure some foxfire!
The orc barely misses you.
The orc warrior hits you with a +0 battleaxe!
* * * LOW HITPOINT WARNING * * *
The orc warrior hits your foxfire with a +0 battleaxe! x2
The orc closely misses you. The orc attacks as you move away!
The orc misses you.
The orc warrior attacks as you move away!
The orc warrior barely misses you.
There is an open door, spattered with blood here.
The orc attacks as you move away! The orc barely misses you.
There is a stone staircase leading down here.
You slash the orc!
You kill the orc!
You hit the orc.
You kill the orc!
The orc warrior barely misses you.
You closely miss the orc warrior.
Your tail-slap misses the orc warrior.
The orc warrior is lightly wounded.
The orc warrior hits you with a +0 battleaxe!
* * * LOW HITPOINT WARNING * * *
You closely miss the orc warrior.
The orc warrior is lightly wounded.
The orc warrior hits you but does no damage.
You feel yourself speed up.
The orc warrior hits you with a +0 battleaxe!
You die...

#####.## #.# #.# #.##########
#.# #.##.......# ##+#
#.##.#####.# ##...# #.##.#
#.# #.....# #.##.#####.#
.......## #.......##.#
........####...##.##.#
........o@......#.##.#
........####.........#
####################.###.####
.................# ### #.#
..#...#...#...#..# ####.#
................_# #....#
..#...#...#...#..# #(####
.................# #.#
#####################.#


You could see an orc warrior.

Vanquished Creatures
  An ogre (D:4)
  A phantom (D:4)
  2 scorpions
  2 hounds (D:5)
  An orc priest (D:4)
  9 adders
  3 worms
  2 dart slugs (D:2)
  6 orcs
  7 endoplasms
  9 giant cockroaches
  4 goblins
  6 hobgoblins
  4 quokkas
  4 ball pythons
  5 bats
  5 frilled lizards
  4 kobolds
  4 rats
79 creatures vanquished.

Vanquished Creatures (others)
  300 foxfires
300 creatures vanquished.

Grand Total: 379 creatures vanquished

Notes
Turn   | Place    | Note
-------+----------+-------------------------------------------
     0 | D:1      | cheesebisquit the Draconian Fire Elementalist began the
                  | quest for the Orb.
     0 | D:1      | Reached XP level 1. HP: 14/14 MP: 3/3
   572 | D:1      | Reached skill level 1 in Fighting
   646 | D:1      | Reached XP level 2. HP: 23/23 MP: 3/5
  1304 | D:2      | Found a glowing silver altar of Zin.
  1422 | D:2      | Reached XP level 3. HP: 29/29 MP: 4/6
  1760 | D:2      | Identified the +1 robe of Death's Door {Will- rCorr Str+4
                  | Dex+3}
  1982 | D:2      | Found a faded altar of an unknown god.
  2617 | D:3      | Reached XP level 4. HP: 37/37 MP: 4/7
  3257 | D:4      | Found Reoll's Book Shop.
  3501 | D:4      | Reached XP level 5. HP: 45/45 MP: 0/8
  3790 | D:4      | Noticed a phantom
  3803 | D:4      | Killed a phantom
  3804 | D:4      | Reached XP level 6. HP: 53/53 MP: 2/9
  3931 | D:4      | Found Byukin's Book Shop.
  4000 | D:4      | Found a blossoming altar of Fedhas.
  4053 | D:4      | Found Lerazear's Armour Shop.
  4092 | D:4      | Reached skill level 5 in Fighting
  4311 | D:5      | Entered Level 5 of the Dungeon
  4594 | D:5      | Reached skill level 5 in Dodging
  4594 | D:5      | Your scales start taking on a lurid green colour.
  4594 | D:5      | Reached XP level 7. HP: 54/61 MP: 4/10
  4594 | D:5      | Gained mutation: Your system is resistant to poisons.
                  | (rPois) [Green Draconian growth]
  4908 | D:5      | Found a hazy altar of Hepliaklqana.
  4984 | D:5      | Slain by an orc warrior

Illustrated notes

Levels and vault maps discovered:
D:1:      dpeg_arrival_tiny_j, layout_basic, minmay_statues_item
D:2:      layout_basic, basic_altar, hellmonk_ecumenical_altar_heavens_door,
          minmay_mini_jars
D:3:      layout_rooms
D:4:      layout_cave_pools, mainiacjoe_overflow_six_doors_small, serial_shops,
          nicolae_book_shop_shelving, shop, nicolae_book_shop_shelving
D:5:      layout_loops_corners, lemuel_coloured_pillars_altar,
          nicolae_gozag_zags_fifth_avenue, minmay_misc_feat_plants

Skill      XL: |  1  2  3  4  5  6 |
---------------+-------------------+-----
Dodging        | 2 3 4 5 |  5.1
Fighting       | 1 2 3 4 5 |  5.5
Stealth        | |  1.7
Spellcasting   | |  2.0
Conjurations   | |  1.0
Fire Magic     | |  3.0

Action                     |  1- 3 |  4- 6 |  7- 9 || total
---------------------------+-------+-------+-------++-------
  Melee: Spear             |    24 |       |       ||    24
         Unarmed           |     1 |       |       ||     1
         Tailslap          |     2 |     3 |       ||     5
         Long sword        |     7 |    35 |     8 ||    50
   Cast: Foxfire           |    69 |    90 |     7 ||   166
    Use: Scroll            |       |     6 |       ||     6
         Potion            |       |       |     1 ||     1
   Stab: Sleeping          |     2 |       |       ||     2
 Armour: Skin              |    20 |    20 |     3 ||    43
  Dodge: Dodged            |    33 |    29 |    17 ||    79

Table legend: (Time is in decaauts)
 A = Elapsed time spent in this place.
 B = Non-inter-level travel time spent in this place.
 C = Inter-level travel time spent in this place.
 D = Time resting spent in this place.
 E = Time spent auto-exploring this place.
 F = Levels seen in this place.
 G = Mean time per level.
                   A        B        C        D        E       F      G
               +--------+--------+--------+--------+--------+-----+--------+
         Total |   5006 |   4679 |    327 |      0 |   4035 |   5 | 1001.2 |
       Dungeon |   5006 |   4679 |    327 |      0 |   4035 |   5 | 1001.2 |
               +--------+--------+--------+--------+--------+-----+--------+

Top non-repeatable levels by time:
     D:2: 1284 daAuts
     D:1: 1238 daAuts
     D:4: 1152 daAuts
     D:3: 707 daAuts
     D:5: 622 daAuts
